 Dungeon Crawl Stone Soup version 0.20-a0-945-g3bf614a (webtiles) character file.

233 JeffiDaFish the Shield-Bearer (level 6, -1/57 HPs)
             Began as a Gargoyle Fighter on Apr 2, 2017.
             Was an Initiate of Okawaru.
             Slain by an orc
             ... wielding a +0 hand axe
              (3 damage)
             ... on level 4 of the Dungeon.
             The game lasted 00:06:58 (2652 turns).

JeffiDaFish the Shield-Bearer (Gargoyle Fighter)    Turns: 2652, Time: 00:06:58

Health: -1/57      AC: 11    Str: 24    XL:     6   Next: 4%
Magic:  6/6        EV:  8    Int:  9    God:    Okawaru [......]
Gold:   205        SH: 11    Dex: 11    Spells: 5/5 levels left

rFire    . . .     SeeInvis .   a - +0 flail
rCold    . . .     Gourm    .   c - +1 shield
rNeg     + . .     Faith    .   b - +0 scale mail
rPois    ∞         Spirit   .   (no helmet)
rElec    +         Reflect  .   (no cloak)
rCorr    .         Harm     .   (no gloves)
MR       .....                  (no boots)
Stlth    ..........             (no amulet)
Regen    0.2/turn               (no ring)
MPRegen  0.1/turn               (no ring)

@: berserking, very quick
A: negative energy resistance 1, electricity resistance, unbreathing,
petrification resistance, rot immunity, AC +4
a: Renounce Religion


You were on level 4 of the Dungeon.
You worshipped Okawaru.
Okawaru was noncommittal.
You were hungry.

You visited 1 branch of the dungeon, and saw 4 of its levels.

You collected 205 gold pieces.

Inventory:

Hand Weapons
 a - a +0 flail (weapon)
Armour
 b - a +0 scale mail (worn)
 c - a +1 shield (worn)
Wands
 l - a wand of flame (12/48)
Scrolls
 h - 2 scrolls of identify
 i - a scroll of fog
Potions
 d - 4 potions of might
Comestibles
 f - 4 bread rations
 g - a royal jelly
 k - a meat ration


   Skills:
 + Level 3.7 Fighting
 + Level 3.9 Maces & Flails
 + Level 4.3 Armour
 + Level 1.0 Dodging
 + Level 4.7 Shields


You had 5 spell levels left.
You didn't know any spells.

Dungeon Overview and Level Annotations

Branches:
Dungeon (4/15)
 Temple: D:4-7

Altars:
Ashenzari
Dithmenos
Elyvilon
Okawaru
Vehumet
Xom
Zin
The Shining One


Innate Abilities, Weirdness & Mutations

You are resistant to torment.
Your stone body is resilient. (AC +4)
You are immune to poison.
You resist negative energy. (rN+)
You are resistant to electric shocks. (rElec)
You can survive without breathing.
You are immune to petrification.
You are immune to rotting.


Message History

You block the orc's attack. The orc closely misses you.
You hit the orc.
The orc is moderately wounded.
The orc hits you but does no damage. The orc barely misses you.
You block the orc's attack.
You barely miss the orc.
The orc is moderately wounded.
The orc hits you but does no damage. The orc hits you with a hand axe.
* * * LOW HITPOINT WARNING * * *
A red film seems to cover your vision as you go berserk!
You feel yourself moving faster!
You feel mighty! You block the orc's attack.
The orc hits you but does no damage.
You barely miss the orc.
The orc is moderately wounded.
The orc closely misses you.
You sock the orc!
You kill the orc!
Okawaru accepts your kill. The orc hits you with a hand axe.
You die...

≈≈≈≈≈≈≈ ≈≈≈≈≈≈≈
≈ .≈≈...≈ ≈≈
...... ... ....
....
.####..####..#
>......)....###.
.......@<.......
......o[........
##....###....##.
#.... ....# #...
.....# #...
...#.# #..
...#.# #.. ####
.


You could see an orc.

Vanquished Creatures
  A bullfrog skeleton (D:3)
  Ijyb (D:3)
  A worker ant (D:4)
  6 adders
  3 oozes
  2 worms
  2 dart slugs
  2 leopard geckos
  4 orcs
  5 giant cockroaches
  6 goblins
  10 hobgoblins
  6 jackals
  9 kobolds
  A quokka (D:2)
  5 bats
  5 frilled lizards
  6 rats
75 creatures vanquished.

Notes
Turn   | Place    | Note
-------+----------+-------------------------------------------
     0 | D:1      | JeffiDaFish the Gargoyle Fighter began the quest for the Orb.
     0 | D:1      | Reached XP level 1. HP: 14/14 MP: 1/1
   166 | D:1      | Found a glowing golden altar of the Shining One.
   204 | D:1      | Reached XP level 2. HP: 19/19 MP: 2/2
   639 | D:1      | Reached XP level 3. HP: 23/23 MP: 3/3
   947 | D:2      | Reached XP level 4. HP: 25/28 MP: 4/4
  1355 | D:2      | Found a shadowy altar of Dithmenos.
  1356 | D:2      | Found a white marble altar of Elyvilon.
  1357 | D:2      | Found a glowing silver altar of Zin.
  1357 | D:2      | Found a shimmering altar of Xom.
  1357 | D:2      | Found a glowing golden altar of the Shining One.
  1376 | D:2      | Found a shattered altar of Ashenzari.
  1376 | D:2      | Found an iron altar of Okawaru.
  1377 | D:2      | Found a radiant altar of Vehumet.
  1391 | D:2      | Became a worshipper of Warmaster Okawaru
  2017 | D:3      | Reached XP level 5. HP: 32/32 MP: 5/5
  2240 | D:3      | Noticed Ijyb
  2261 | D:3      | Killed Ijyb
  2646 | D:4      | Reached skill level 1 in Dodging
  2646 | D:4      | Reached XP level 6. HP: 8/38 MP: 6/6
  2649 | D:4      | HP: 1/38 [orc/hand axe (5)]
  2652 | D:4      | Slain by an orc

Vault maps used:
D:1:      ncdulo_smallfort, tso_altar
D:2:      grunt_temple_overflow_open
D:3:      serial_glass, glass_columns_a, glass_columns_b, first_bread, uniq_iyjb
D:4:      minmay_goblin_kobold_castle, lemuel_round_altar

Skill      XL: |  1  2  3  4  5 |
---------------+----------------+-----
Shields        | 4 |  4.7
Maces & Flails | 3 |  3.9
Armour         | 4 |  4.3
Dodging        | 1 |  1.0
Fighting       | |  3.7

Action                   |  1- 3 |  4- 6 || total
-------------------------+-------+-------++-------
Melee: Flail             |   149 |   215 ||   364
  Use: Scroll            |     3 |     5 ||     8
       Potion            |     3 |     2 ||     5
  Eat: Chunk             |       |     6 ||     6
Armor: Scale mail        |    84 |   139 ||   223
Dodge: Dodged            |    58 |    98 ||   156
Block: Shield            |   108 |   174 ||   282
